 Dungeon Crawl Stone Soup version 0.21.1-1-g345015f (webtiles) character file.

710 Merlin the Cudgeler (level 7, -2/55 HPs)
             Began as a Demonspawn Chaos Knight on July 2, 2018.
             Killed from afar by an orc wizard (11 damage)
             ... with a puff of frost
             ... on level 4 of the Dungeon.
             The game lasted 00:16:12 (2545 turns).

Merlin the Cudgeler (Demonspawn Chaos Knight)       Turns: 2545, Time: 00:16:13

Health: -2/55      AC: 14    Str: 14    XL:     7   Next: 40%
Magic:  7/7        EV:  7    Int: 15    God:    Xom [..*...]
Gold:   287        SH:  0    Dex: 13    Spells: 6/6 levels left

rFire    . . .     SeeInvis .   a - +0 mace (chaos)
rCold    . . .     Gourm    .   (no shield)
rNeg     . . .     Faith    .   o - +0 plate armour
rPois    .         Spirit   .   (helmet restricted)
rElec    +         Reflect  .   (no cloak)
rCorr    .         Harm     .   d - +2 pair of gloves
MR       .....                  (no boots)
Stlth    ..........             (no amulet)
HPRegen  0.18/turn              w - ring of flight
MPRegen  0.10/turn              (no ring)

@: about to teleport, no potions
A: antennae 2, camouflage 1, clever 1, sense surroundings 1, powered by death 1,
electricity resistance, sturdy frame 2
a: Renounce Religion, Evoke Flight


You were on level 4 of the Dungeon.
You worshipped Xom.
You were a toy of Xom.
You were not hungry.

You visited 1 branch of the dungeon, and saw 4 of its levels.

You collected 287 gold pieces.

Inventory:

Hand Weapons
 a - a +0 mace of chaos (weapon)
 l - a cursed -1 mace
Missiles
 f - 143 stones (quivered)
Armour
 b - a +3 leather armour
 d - a +2 pair of gloves (worn)
 o - a +0 plate armour (worn)
 r - a +0 ring mail
Magical Staves
 k - an uncursed staff of earth {unknown}
Jewellery
 w - a ring of flight (left hand)
Scrolls
 g - 2 scrolls of remove curse
 h - a scroll of amnesia
 m - a scroll of random uselessness {unknown}
 u - a scroll of fog {unknown}
Potions
 e - a potion of mutation {unknown}
 j - a potion of curing
 n - a potion of haste {unknown}
 p - a potion of flight {unknown}
 q - 2 potions of degeneration {unknown}
 s - a potion of heal wounds {unknown}
 t - 2 potions of might
Comestibles
 c - 8 rations
 v - 2 chunks of flesh


   Skills:
 + Level 4.4 Fighting
 + Level 5.5 Maces & Flails
 + Level 3.1 Armour
 + Level 2.8 Dodging
 + Level 2.7 Stealth


You had 6 spell levels left.
You didn't know any spells.

Dungeon Overview and Level Annotations

Branches:
Dungeon (4/15)
 Temple: D:4-7

Altars:
Xom


Innate Abilities, Weirdness & Mutations

You have a pair of antennae on your head.
You regenerate a little health from kills.
Your movements are less encumbered by armour. (ER -4)
Your skin changes colour to match your surroundings (Stealth+).
Your mind is acute. (Int +2)
You passively map a small area around you.
You are resistant to electric shocks. (rElec)


Message History

Xom briefly touches your surroundings.
The orc wizard hits you but does no damage.
The orc wizard hits you but does no damage.
Xom's power touches on you for a moment.
Heat is drained from your body!
* * * LOW HITPOINT WARNING * * *
You cannot drink potions in your current state!
As you read the scroll of teleportation, it crumbles to dust.
You feel strangely unstable. The orc wizard casts a spell at you.
The puff of frost hits you!
* * * LOW HITPOINT WARNING * * *
Xom gives a demonstration of destructive might.
The orc wizard is outlined in light.
The orc priest is outlined in light.
You are now a toy of Xom.
The orc wizard looks more healthy.
The orc wizard casts a spell at you. The puff of frost hits you!
You die...
Xom thinks this is hilarious!

, #...........#* * *
#...........# ,, ,
##.###...#<## #* ,
#.........##.### , ,
####...........#* , #
#.........#.# , ,,
*####.#.....#####.#
,* ,
.............._..#*,,
* ,,,,
...#.....@####.### *,
... ,............oso#
,, ....
...###########o# ,
.... ,*...***
#######.# * ...# ..
,,..!....{##### ..##
, ,,...o.._.....# ,
..# ,, .....o......#
### * #...####.#### *
§§p., * ..


You could see an orc priest, 2 orc wizards and a giant cockroach.

Vanquished Creatures
  Grinder (D:3)
  The ghost of dscm the Digger, a weakling OpEE (D:4)
  A hound (D:4)
  Terence (D:3)
  A worker ant (D:4)
  5 adders
  An ooze (D:1)
  3 dart slugs
  2 orcs
  2 ball pythons (D:2)
  9 bats
  4 giant cockroaches
  6 goblins
  4 hobgoblins
  3 jackals
  3 quokkas
  3 frilled lizards
  7 kobolds
  A quokka skeleton (D:4)
  10 rats
68 creatures vanquished.

Vanquished Creatures (collateral kills)
  Pikel (D:4)
  The ghost of dscm the Chopper, a weakling DsGl (D:3)
2 creatures vanquished.

Vanquished Creatures (others)
  A frilled lizard (D:4)
1 creature vanquished.

Grand Total: 71 creatures vanquished

Notes
Turn   | Place    | Note
-------+----------+-------------------------------------------
     0 | D:1      | Merlin the Demonspawn Chaos Knight began the quest for the Orb.
     0 | D:1      | Reached XP level 1. HP: 18/18 MP: 1/1
   157 | D:1      | XOM: silly message
   210 | D:1      | XOM: harmless Hex miscast
   211 | D:1      | Gained mutation: Your movements are slightly less encumbered by armour. (ER -2) [demonic ancestry]
   211 | D:1      | Reached XP level 2. HP: 24/24 MP: 2/2
   293 | D:1      | XOM: scenery: 1 doors open
   315 | D:1      | XOM: smoke on damage
   318 | D:1      | Reached skill level 3 in Maces & Flails
   591 | D:2      | Reached XP level 3. HP: 20/29 MP: 3/3
   612 | D:2      | Reached skill level 1 in Dodging
   845 | D:1      | XOM: give mutations
   845 | D:1      | Gained mutation: Your mind is acute. (Int +2) [Xom's grace]
   845 | D:1      | Gained mutation: You are resistant to electric shocks. (rElec) [Xom's grace]
   845 | D:1      | Gained mutation: You passively map a small area around you. [Xom's grace]
   845 | D:1      | Gained mutation: Your skin changes colour to match your surroundings (Stealth+). [Xom's grace]
   999 | D:2      | XOM: polymorph rat -> kobold
  1109 | D:2      | XOM: god gift: 18 gold pieces
  1223 | D:2      | Gained mutation: You have a pair of small antennae on your head. [demonic ancestry]
  1223 | D:2      | Reached XP level 4. HP: 17/35 MP: 4/4
  1522 | D:3      | Noticed Grinder
  1525 | D:3      | Paralysed by Grinder for 2 turns
  1526 | D:3      | XOM: scenery: 1 doors close
  1536 | D:3      | XOM: 1-stop teleportation journey
  1537 | D:3      | Noticed Terence
  1537 | D:3      | Noticed dscm's ghost (weakling DsGl)
  1558 | D:3      | Killed Terence
  1564 | D:3      | XOM: summons 2 friendly demons
  1575 | D:3      | Killed dscm's ghost
  1575 | D:3      | Gained mutation: Your movements are less encumbered by armour. (ER -4) [demonic ancestry]
  1575 | D:3      | Reached XP level 5. HP: 13/42 MP: 5/5
  2091 | D:3      | Reached skill level 4 in Maces & Flails
  2170 | D:3      | XOM: confuse monster(s)
  2188 | D:3      | Killed Grinder
  2188 | D:3      | Reached skill level 1 in Stealth
  2188 | D:3      | Gained mutation: You have a pair of antennae on your head. [demonic ancestry]
  2188 | D:3      | Reached XP level 6. HP: 47/48 MP: 6/6
  2194 | D:4      | Noticed Pikel
  2194 | D:4      | Noticed a slave
  2194 | D:4      | Noticed a slave
  2194 | D:4      | Noticed a slave
  2194 | D:4      | Noticed a slave
  2195 | D:4      | XOM: cleaving
  2200 | D:4      | XOM: cleaving
  2224 | D:4      | XOM: summons 2 friendly demons
  2228 | D:4      | Killed Pikel
  2228 | D:4      | Reached skill level 5 in Maces & Flails
  2228 | D:4      | Gained mutation: You regenerate a little health from kills. [demonic ancestry]
  2228 | D:4      | Reached XP level 7. HP: 38/55 MP: 7/7
  2373 | D:4      | Noticed dscm's ghost (weakling OpEE)
  2382 | D:4      | Killed dscm's ghost
  2493 | D:4      | XOM: scenery: create altars
  2539 | D:4      | XOM: scenery: create altars
  2542 | D:4      | XOM: medium Ice miscast
  2544 | D:4      | XOM: fake destruction
  2545 | D:4      | Killed from afar by an orc wizard

Skill      XL: |  1  2  3  4  5  6 |
---------------+-------------------+-----
Maces & Flails | 3 4 5 |  5.5
Armour         | 2 3 |  3.1
Dodging        | 1 2 |  2.8
Fighting       | 4 |  4.4
Stealth        | 1 2 |  2.7

Action                   |  1- 3 |  4- 6 |  7- 9 || total
-------------------------+-------+-------+-------++-------
Melee: Mace              |   108 |    95 |    29 ||   232
  Use: Scroll            |     1 |     5 |     3 ||     9
       Potion            |       |     1 |     1 ||     2
 Stab: Sleeping          |       |     2 |       ||     2
       Paralysed         |       |     5 |       ||     5
  Eat: Chunk             |     1 |     2 |       ||     3
       Ration            |       |     1 |       ||     1
Armor: Leather armour    |    84 |    43 |       ||   127
       Plate armour      |       |       |    16 ||    16
Dodge: Dodged            |    98 |    61 |    13 ||   172
